Map: Ice and Chrome LE

Players

prospeKt - Winner!

  • Race: Zerg Zerg
  • League: Platinum
  • Spawn Location: 7:00

VOD

Have the link to the VOD?

Description

Time

  • Played on: June 23, 2020, 7:48 a.m.
  • Length: 22:40
Show
View Real Time Build Order
Export as new Build Order

prospeKt Zerg - Winner!

Build Orders:  

Get SALT Encoding   

  12  0:01  Drone  
  13  0:18  Overlord  
  13  0:23  Drone  
  14  0:43  Drone  
  14  0:44  Drone  
  14  0:48  Drone  
  17  1:15  Hatchery  
  16  1:20  Drone  
  16  1:23  Drone  
  18  1:44  Spawning Pool  
  18  1:46  Drone  
  18  1:51  Drone  
  19  2:03  Drone  
  19  2:07  Extractor  
  19  2:18  Drone  
  20  2:41  Drone  
  20  2:49  Overlord  
  21  2:56  Queen x2  
  21  2:57  Zergling x2  
  26  3:04  Zergling x2  
  27  3:20  Drone x2  
  27  3:29  Drone  
  30  3:35  Overlord  
  30  3:41  Drone  
  31  3:54  Queen  
  31  3:55  Drone x2  
  35  4:04  Overlord  
  35  4:10  Lair  
  35  4:13  Drone  
  36  4:22  Drone  
  36  4:28  Overlord  
  37  4:34  Drone  
  37  4:35  Drone x2  
  40  4:48  Drone  
  40  4:49  Drone x3  
  44  4:54  Extractor  
  44  4:56  Extractor  
  42  5:01  Roach Warren, Drone  
  42  5:02  Roach Warren  
  42  5:03  Evolution Chamber  
  42  5:06  Drone  
  41  5:10  Drone  
  41  5:16  Overlord  
  42  5:25  Drone x5  
  47  5:40  Drone x3  
  50  5:51  Drone  
  50  5:52  Drone  
  50  5:59  Hatchery  
  51  6:06  Glial Reconstitution  
  51  6:08  Roach  
  53  6:12  Roach  
  53  6:14  Roach  
  53  6:17  Roach  
  59  6:20  Roach  
  59  6:24  Roach  
  63  6:32  Roach x2  
  63  6:36  Overlord  
  67  6:40  Overlord  
  67  6:44  Zerg Missile Weapons Level 1  
  67  6:58  Drone  
  68  7:10  Drone x5  
  73  7:21  Extractor  
  73  7:22  Drone  
  73  7:23  Hydralisk Den, Drone x4  
  76  7:42  Queen  
  76  7:43  Drone  
  76  7:44  Drone x2  
  81  7:56  Drone x5  
  81  7:58  Overlord  
  81  7:59  Overlord x3  
  86  8:08  Extractor x2  
  84  8:21  Drone  
  84  8:22  Drone  
  84  8:23  Drone  
  84  8:27  Drone  
  88  8:36  Evolution Chamber, Drone  
  88  8:38  Drone x8  
  96  9:00  Hatchery  
  96  9:08  Drone  
  96  9:09  Drone x6  
  102  9:23  Zerg Ground Armor Level 1  
  102  9:25  Drone x5  
  102  9:26  Drone x2  
  109  9:40  Overlord  
  109  9:41  Overlord x2  
  109  9:47  Hatchery  
  108  10:07  Drone x2  
  108  10:08  Hydralisk  
  108  10:09  Hydralisk x7  
  126  10:10  Unknown  
  126  10:14  Hydralisk  
  128  10:23  Drone  
  128  10:24  Drone x3  
  132  10:30  Spine Crawler  
  132  10:31  Spine Crawler x2, Hydralisk x3  
  132  10:33  Spine Crawler, Zerg Missile Weapons Level 2  
  134  10:50  Extractor, Hydralisk  
  134  10:51  Hydralisk x5  
  134  10:52  Extractor  
  134  10:54  Overlord  
  144  11:04  Hydralisk x3  
  150  11:18  Infestation Pit  
  149  11:23  Hydralisk x5  
  149  11:25  Overlord x3  
  149  11:27  Overlord  
  159  11:50  Unknown  
  159  12:08  Hydralisk  
  159  12:09  Hydralisk x17  
  195  12:12  Drone x2  
  195  12:13  Drone  
  198  12:37  Overlord  
  198  12:38  Overlord x2  
  198  12:40  Zerg Ground Armor Level 2  
  198  12:53  Lurker Den  
  197  13:01  Spire  
  196  13:22  Hive  
  196  13:23  Hydralisk  
  196  13:24  Hydralisk  
  200  14:00  Hatchery  
  199  14:18  Drone  
  200  14:23  Extractor x2  
  196  14:45  Hatchery  
  195  15:05  Hydralisk x3  
  195  15:09  Drone  
  200  15:21  Zerg Missile Weapons Level 3  
  168  15:44  Hatchery  
  148  15:51  Hatchery  
  148  15:52  Hydralisk x13  
  148  15:53  Hydralisk x17  
  148  15:56  Zerg Ground Armor Level 3  
  182  16:19  Hydralisk  
  184  16:20  Hydralisk x7  
  184  16:25  Lurker  
  199  16:38  Lurker  
  199  16:39  Lurker  
  197  16:40  Unknown  
  197  16:42  Lurker  
  197  16:43  Lurker x2  
  197  16:44  Lurker x2  
  198  16:54  Drone x2  
  182  17:44  Lurker x3  
  182  17:45  Lurker x4  
  182  17:47  Lurker x4  
  190  17:50  Lurker  
  190  18:00  Unknown  
  190  18:34  Hydralisk x5  
  193  19:08  Drone x2  
  193  19:09  Drone x2  
  178  20:08  Hydralisk x7  
  178  20:09  Hydralisk x2  
  188  20:33  Hydralisk x6  
  200  21:08  Extractor x2  
  198  21:18  Drone x2  
  198  22:02  Hydralisk  
Tags
 
Add a new tag
Caveats
  • Supply blocks, unpowered buildings, or Contaminate may cause inaccurate times.
  • Supply counts are checked every 10 seconds.